 Dungeon Crawl Stone Soup version 0.18.1-48-g4cf74bf (webtiles) character file.

142 Freeplumber the Sneak (level 5, -1/49 HPs)
             Began as a Troll Assassin on June 27, 2016.
             Was an Initiate of Okawaru.
             Slain by a centaur (5 damage)
             ... on level 4 of the Dungeon.
             The game lasted 00:10:07 (1562 turns).

Freeplumber the Sneak (Troll Assassin)              Turns: 1562, Time: 00:10:07

Health: -1/49      AC:  6    Str: 19    XL:     5   Next: 4%
Magic:  1/1        EV: 10    Int: 15    God:    Okawaru [......]
Gold:   77         SH:  0    Dex: 12    Spells: 0 memorised, 4 levels left

rFire  . . .     SeeInvis .     m - +1 whip of Gallantry {antimagic, Int+3} (curse)
rCold  . . .     Gourm    +     c - +0 robe
rNeg   . . .     Faith    .     (no shield)
rPois  .         Spirit   .     (helmet restricted)
rElec  .         Dismiss  .     d - +0 cloak
rCorr  .         Reflect  .     (gloves unavailable)
SustAt .         Harm     .     (boots unavailable)
MR     .....                    (no amulet)
Stlth  ++........               (no ring)
                                (no ring)

@: brilliant, not resistant to hostile enchantments, unstealthy
A: unfitting armour, claws 3, fast metabolism 3, gourmand, regeneration 2,
shaggy fur 1, tough skin 2
a: Renounce Religion


You were on level 4 of the Dungeon.
You worshipped Okawaru.
Okawaru was noncommittal.
You were hungry.

You visited 1 branch of the dungeon, and saw 4 of its levels.

You collected 77 gold pieces.

Inventory:

Hand Weapons
 a - a +2 dagger
 b - a +0 blowgun
 k - a +2 short sword of venom
 m - the cursed +1 whip of Gallantry (weapon) {antimagic, Int+3}
   (You found it on level 4 of the Dungeon)

   It disrupts the flow of magical energy around spellcasters and certain
   magical creatures (including the wielder).
   It affects your intelligence (+3).
   It has a curse placed upon it.
Missiles
 e - 25 poisoned needles
 f - 2 curare-tipped needles
Armour
 c - a +0 robe (worn)
 d - a +0 cloak (worn)
Jewellery
 l - an uncursed ring of protection from fire {unknown}
Wands
 h - a wand of disintegration (10/24)
Comestibles
 g - 2 bread rations
 j - a royal jelly


   Skills:
 + Level 2.0 Fighting
 + Level 2.1 Short Blades
 + Level 0.1 Maces & Flails
 + Level 1.9 Throwing
 + Level 2.0 Dodging
 + Level 3.3 Stealth


You had 4 spell levels left.
You didn't know any spells.

Dungeon Overview and Level Annotations

Branches:
Dungeon (4/15)
 Temple: D:4-7

Altars:
Cheibriados
Elyvilon
Makhleb
Okawaru
Pakellas

Shops:
D:2 }


Innate Abilities, Weirdness & Mutations

You are too large for most types of armour.
You have claws for hands.
Your metabolism is lightning-fast.
You like to eat raw meat.
You heal very quickly.
You are covered in fur (AC +1).
You have very tough skin (AC +2).


Message History

The centaur is moderately wounded.
The centaur hits you but does no damage.
You hit the centaur.
The centaur is heavily wounded.
The centaur hits you but does no damage. x2
You hit the centaur.
The centaur is severely wounded.
The centaur hits you.
* * * LOW HITPOINT WARNING * * *
The centaur hits you!
* * * LOW HITPOINT WARNING * * *
Drink which item? (? for menu, Esc to quit)
You feel better. The centaur hits you.
* * * LOW HITPOINT WARNING * * *
You hit the centaur but do no damage.
The centaur is severely wounded.
The centaur hits you!
* * * LOW HITPOINT WARNING * * *
The centaur hits you.
You die...

##.<...##.......#
...............#
.##...##........#
......c##.......#
##..W. #..ZW...#
#...o##.ogWo..#
#..oWg.###{####
....?..#.# #c#
######.#.# #@#
#...# #.# ###..
#.# ##. #.# .##.#
###.# ... ...


You could see 2 phantoms, a centaur, a gnoll, an orc and a hound skeleton.

Vanquished Creatures
  An orc wizard (D:4)
  Terence (D:2)
  Ijyb (D:2)
  A gnoll (D:1)
  2 adders (D:2)
  2 dart slugs (D:1)
  2 bats
  2 giant cockroaches
  6 hobgoblins
  3 jackals (D:1)
  A ball python (D:1)
  5 giant newts
  5 kobolds
  3 rats (D:1)
35 creatures vanquished.

Notes
Turn   | Place    | Note
--------------------------------------------------------------
     0 | D:1      | Freeplumber the Troll Assassin began the quest for the Orb.
     0 | D:1      | Reached XP level 1. HP: 19/19 MP: 0/0
   245 | D:1      | Reached XP level 2. HP: 27/27 MP: 1/1
   406 | D:1      | Reached skill level 1 in Dodging
   406 | D:1      | Reached XP level 3. HP: 9/35 MP: 2/2
   898 | D:2      | Noticed Terence
   920 | D:2      | Reached skill level 3 in Stealth
   924 | D:2      | Killed Terence
   924 | D:2      | Reached XP level 4. HP: 42/42 MP: 3/3
   992 | D:2      | Found a burning altar of Makhleb.
  1017 | D:2      | Found a snail-covered altar of Cheibriados.
  1032 | D:2      | Found a white marble altar of Elyvilon.
  1111 | D:2      | Found an iron altar of Okawaru.
  1119 | D:2      | Became a worshipper of Warmaster Okawaru
  1216 | D:2      | Found an oddly glowing altar of Pakellas.
  1216 | D:2      | Found Pakellas's Prime Provisions.
  1217 | D:2      | Noticed Ijyb
  1231 | D:2      | Killed Ijyb
  1504 | D:4      | Noticed a phantom
  1510 | D:4      | Got a fine whip
  1511 | D:4      | Identified the cursed +1 whip of Gallantry {antimagic, Int+3} (You found it on level 4 of the Dungeon)
  1521 | D:4      | Noticed a centaur
  1534 | D:4      | Noticed a phantom
  1553 | D:4      | Reached XP level 5. HP: 20/49 MP: 1/4
  1562 | D:4      | Slain by a centaur

Skill      XL: |  1  2  3  4 |
---------------+-------------+-----
Dodging        | 1 2 |  2.0
Stealth        | 3 |  3.3
Short Blades   | 2 |  2.1
Fighting       | 2 |  2.0
Maces & Flails | |  0.1
Throwing       | |  1.9

Action                   |  1- 3 |  4- 6 || total
-------------------------+-------+-------++-------
Melee: Dagger            |    85 |       ||    85
       Short sword       |    18 |    32 ||    50
       Whip              |       |    31 ||    31
  Use: Scroll            |     2 |       ||     2
       Potion            |       |     3 ||     3
 Stab: Sleeping          |     3 |     1 ||     4
  Eat: Chunk             |     1 |     1 ||     2
       Bread ration      |     1 |     1 ||     2
Armor: Robe              |    43 |    32 ||    75
Dodge: Dodged            |    44 |    36 ||    80
